 Dungeon Crawl Stone Soup version 0.27.1-3-gb3d3a73c9e (console) character file.

Game seed: 351300090261315974

47 toffzen the Ducker (level 3, -1/19 HPs)
             Began as a Spriggan Berserker on Oct 13, 2021.
             Was a Follower of Trog.
             Succumbed to an adder's poison
             ... on level 2 of the Dungeon.
             The game lasted 00:02:20 (1012 turns).

toffzen the Ducker (Spriggan Berserker)             Turns: 1012, Time: 00:02:21

Health: -1/19      AC:  2    Str: 13    XL:     3   Next: 48%
Magic:  4/4        EV: 18    Int:  8    God:    Trog [*.....]
Gold:   26         SH:  0    Dex: 15    Spells: 2/2 levels left

rFire    . . .     SeeInvis +   a - +0 spear
rCold    . . .     Faith    .   (shield restricted)
rNeg     . . .     Spirit   .   b - +0 animal skin
rPois    .         Reflect  .   (helmet restricted)
rElec    .         Harm     .   (no cloak)
rCorr    .         Rampage  .   (gloves unavailable)
Will     .....                  (boots unavailable)
Stlth    +.........             (no amulet)
HPRegen  0.06/turn              (no ring)
MPRegen  0.09/turn              (no ring)

@: lethally poisoned (-1 -> -8), on berserk cooldown, slowed, quick
A: very small, no large weapons, unfitting armour, see invisible, speed 3
a: Renounce Religion, Berserk


You were on level 2 of the Dungeon.
You worshipped Trog.
Trog was aware of your devotion.
You visited 1 branch of the dungeon, and saw 2 of its levels.

You collected 26 gold pieces.

Inventory:

Hand Weapons
 a - a +0 spear (weapon)
Armour
 b - a +0 animal skin (worn)
Scrolls
 c - a scroll of enchant armour {unknown}
 d - a scroll of summoning {unknown}
 f - 2 scrolls of amnesia {unknown}
Potions
 e - a potion of curing {unknown}


   Skills:
 + Level 2.8 Fighting
 * Level 2.9 Polearms
 + Level 4.6 Dodging


You had 2 spell levels left.
You didn't know any spells.
Your spell library was empty.

Dungeon Overview and Level Annotations

Branches:
Dungeon (2/15)

Altars:


Innate Abilities, Weirdness & Mutations

You are very small and have problems with some larger weapons.
You are too small for most types of armour.
You have supernaturally acute eyesight. (SInv)
You cover ground extremely quickly. (Speed+++)


Message History

Terence completely misses you.
You completely miss Terence.
Terence is almost dead.
The adder bites you.
You puncture Terence!
You kill Terence!
Trog accepts your kill. The adder barely misses you.
You have reached level 3!
Your experience leads to an increase in your attributes!
Increase (S)trength, (I)ntelligence, or (D)exterity?
You feel agile.
You closely miss the adder. The adder closely misses you.
You closely miss the adder. The bat misses you. The adder bites you.
You are poisoned.
The adder poisons you!
You closely miss the adder.
You feel sick. The bat hits you but does no damage. The adder bites you.
You are too injured to fight recklessly!
You are too injured to fight recklessly!
You are too injured to fight recklessly!
You completely miss the adder.
You feel sick. The bat misses you.
You closely miss the adder.
You feel sick. The bat closely misses you. The adder bites you.
* * * LOW HITPOINT WARNING * * *
You are lethally poisoned!
The adder poisons you!
You hit the adder.
The adder is heavily wounded.
* * * LOW HITPOINT WARNING * * *
You feel sick. The adder barely misses you.
* * * LOW HITPOINT WARNING * * *
You feel sick. The bat hits you.
* * * LOW HITPOINT WARNING * * *
You feel a strong urge to attack something.
You are no longer berserk.
You are exhausted.
You feel yourself slow down.
Okay, then.
You die...

.. .. ....# .#..
...### #.. ..##
.[###.. ..####
.......###....####
#...rSb..@.......
####.##<....>....
#....#....####
###....##.#
...##.. ..# ####
##.. ... ##. ###
..


You could see an adder, a bat and a rat.

Vanquished Creatures
  Terence (D:2)
  A dart slug (D:1)
  2 ball pythons (D:1)
  An endoplasm (D:1)
  4 giant cockroaches (D:1)
  A hobgoblin (D:1)
  A kobold (D:1)
  A bat (D:1)
  2 frilled lizards (D:1)
  3 goblins (D:1)
  3 rats (D:1)
20 creatures vanquished.

Notes
Turn   | Place    | Note
-------+----------+-------------------------------------------
     0 | D:1      | toffzen the Spriggan Berserker began the quest for the Orb.
     0 | D:1      | Reached XP level 1. HP: 11/11 MP: 2/2
   250 | D:1      | Found a faded altar of an unknown god.
   434 | D:1      | Reached XP level 2. HP: 16/16 MP: 3/3
   992 | D:2      | Noticed Terence
  1003 | D:2      | Killed Terence
  1004 | D:2      | Reached XP level 3. HP: 19/19 MP: 4/4
  1012 | D:2      | Succumbed to an adder's poison

Illustrated notes

Levels and vault maps discovered:
D:1:      scummos_arrival_simple_crosswalls, layout_basic,
          shapermc_ecumenical_altar_starsandcircs, minmay_misc_feat_more_columns
D:2:      layout_rooms, uniq_terence

Action                   || total
-------------------------++-------
Melee: Spear             ||    65
Invok: Berserk           ||     5
 Stab: Sleeping          ||     2
Armor: Animal skin       ||     3
Dodge: Dodged            ||    33
